 Dungeon Crawl Stone Soup version 0.31-a0-303-gdc8c9485ea (webtiles) character file.

Game seed: 7193986205220706730

676 Iniera the Ducker (level 7, -4/42 (44) HPs)
             Began as a Kobold Monk on July 16, 2023.
             Was a Believer of Qazlal.
             Slain by a wight
             ... wielding a +0 spear
              (6 damage)
             ... on level 6 of the Dungeon.
             The game lasted 00:05:34 (4820 turns).

Iniera the Ducker (Kobold Monk)                     Turns: 4820, Time: 00:05:34

HP:   -4/42 (44)    AC:  3    Str:  9    XL:     7   Next: 91%
MP:   8/8           EV: 19    Int: 11    God:    Qazlal [**....]
Gold: 162           SH:  7    Dex: 19    Spells: 6/6 levels left

rFire   . . .        f - +1 short sword (elec)
rCold   . . .        d - orb {light}
rNeg    . . .        b - +0 robe
rPois   +            (no helmet)
rElec   .            (no cloak)
rCorr   .            (no gloves)
SInv    .            i - +0 pair of boots
Will    .....        p - amulet of reflection
Stlth   +            q - ring of poison resistance
HPRegen 0.27/turn    (no ring)
MPRegen 0.11/turn

%: reflection
@: about to teleport, glowing, studying Throwing, lightly drained
A: small, no large weapons, nightstalker 3
a: Renounce Religion, Upheaval


You were on level 6 of the Dungeon.
You worshipped Qazlal.
Qazlal was pleased with you.
You visited 1 branch of the dungeon, and saw 6 of its levels.

You collected 247 gold pieces.
You spent 85 gold pieces at shops.

Inventory:

Hand Weapons
 a - a +0 falchion
 f - a +1 short sword of electrocution (weapon)
 g - a +0 hand axe of flaming
Missiles
 j - 6 poisoned darts
 u - a throwing net
Armour
 b - a +0 robe (worn)
 d - an orb of light (worn)
 i - a +0 pair of boots (worn)
Jewellery
 p - an amulet of reflection (around neck)
 q - a ring of poison resistance (left hand)
Wands
 s - a wand of flame (19)
Scrolls
 e - 2 scrolls of teleportation
 h - 2 scrolls of enchant weapon
Potions
 c - a potion of ambrosia
 k - 2 potions of mutation
 l - 4 potions of curing
 m - a potion of magic {unknown}
 n - a potion of brilliance
 o - a potion of attraction {unknown}
 r - a potion of cancellation {unknown}
 t - 2 potions of lignification {unknown}
 v - a potion of heal wounds {unknown}


   Skills:
 + Level 5.4 Fighting
 + Level 4.7(5.4) Short Blades
 - Level 2.4(3.1) Long Blades
 * Level 7.6 Dodging
 + Level 1.7 Invocations


You had 6 spell levels left.
You didn't know any spells.
Your spell library contained the following spells:

 Spells                   Type           Power      Damage    Failure   Level
 Kiss of Death            Conj/Necr      0%         2d5       34%         1
 Call Canine Familiar     Summ           0%         N/A       71%         3
 Confusing Touch          Hex            0%         N/A       71%         3
 Portal Projectile        Hex/Tloc       0%         N/A       71%         3
 Dispel Undead            Necr           0%         3d6       98%         4
 Leda's Liquefaction      Hex/Erth       0%         N/A       98%         4


Dungeon Overview and Level Annotations

Branches:
Dungeon (6/15)             Temple (0/1) D:5

Altars:
Makhleb
Qazlal
Sif Muna

Shops:
D:1 (=   D:4 *


Innate Abilities, Weirdness & Mutations

You are small and have problems with some larger weapons.
You are completely attuned to the shadows.


Message History

No target in view!
No target in view!
Found a stone staircase leading down.
There is a stone staircase leading down here.
You now have 162 gold pieces (gained 7).
k - 2 potions of mutation (gained 1)
v - a black potion No target in view!
No target in view!
No target in view!
Found a stone staircase leading up.
A wight comes into view. It is wielding a +0 spear.
A wight comes into view.
It is wielding a +3 great sword of freezing.
There are monsters nearby!
A wight comes into view. It is wielding a +3 dagger.
The wight misses you.
The wight hits you with a +3 great sword of freezing!
The wight freezes you!
You are too injured to fight recklessly!
You are too injured to fight recklessly!
You are too injured to fight recklessly!
You are too injured to fight recklessly!
The wight hits you from afar with a +0 spear.
The wight attacks as you move away!
The wight hits you with a +3 great sword of freezing!
* * * LOW HITPOINT WARNING * * *
You feel drained.
* * * LOW HITPOINT WARNING * * *
The wight freezes you.
* * * LOW HITPOINT WARNING * * *
The wight is engulfed in freezing vapours.
Okay, then.
Okay, then.
Okay, then.
As you read the scroll of teleportation, it crumbles to dust.
You feel strangely unstable.
You hear an angry hiss.
A water moccasin comes into view.
The wight hits you from afar with a +0 spear.
You die...

#..# ##..# ##..#
#..## #...# ##..#
#...# #..##
....... #..##
##..# #.........
#...##
#..###.........
#....##
##..##.........
......#
#..###z.S.....
......#
###...@z.z......
......#
###..#####○.......
......###...##
##.<.....
..........###
####....
....#...### ##..
...##..## .####.##
## #.# ..#


You could see a water moccasin and 3 wights.

Vanquished Creatures
  A water moccasin (D:5)
  A black bear (D:5)
  A scorpion (D:5)
  A howler monkey (D:5)
  A jelly (D:5)
  3 hounds
  An orc wizard (D:6)
  An iguana (D:4)
  4 gnolls (D:4)
  7 adders
  3 shadow imps
  A white imp (D:5)
  A dart slug (D:3)
  3 orcs (D:6)
  4 ball pythons
  4 bats
  8 endoplasms
  A giant cockroach (D:1)
  3 goblins
  8 hobgoblins
  4 jackals (D:2)
  4 quokkas
  4 frilled lizards
  2 kobolds (D:1)
  7 rats
78 creatures vanquished.

Notes
Turn   | Place    | Note
-------+----------+-------------------------------------------
     0 | D:1      | Iniera the Kobold Monk began the quest for the Orb.
     0 | D:1      | Reached XP level 1. HP: 14/14 MP: 1/1
   142 | D:1      | Reached skill level 4 in Dodging
   142 | D:1      | Reached XP level 2. HP: 19/19 MP: 2/2
   370 | D:1      | Found Plog's Jewellery Shop.
   390 | D:1      | Reached skill level 1 in Short Blades
   458 | D:1      | Found Eboisup's Antique Weapon Emporium.
  1211 | D:2      | Reached XP level 3. HP: 23/23 MP: 3/3
  1251 | D:2      | You fall into a shaft and drop 2 floors!
  1350 | D:4      | Found a burning altar of Makhleb.
  1739 | D:2      | Reached XP level 4. HP: 25/29 MP: 4/4
  2749 | D:4      | Reached skill level 5 in Dodging
  2790 | D:4      | Reached XP level 5. HP: 33/33 MP: 5/5
  2980 | D:5      | Entered Level 5 of the Dungeon
  3361 | D:4      | Reached XP level 6. HP: 38/39 MP: 6/6
  3390 | D:4      | Found Gisemnow's Assorted Antiques.
  3396 | D:4      | Bought a notched marble ring for 85 gold pieces
  3666 | D:5      | Noticed a water moccasin
  3681 | D:5      | Killed a water moccasin
  3682 | D:5      | Reached skill level 6 in Dodging
  3936 | D:5      | Reached XP level 7. HP: 44/44 MP: 7/7
  4043 | D:5      | Reached skill level 5 in Fighting
  4090 | D:5      | Found a stormy altar of Qazlal.
  4155 | D:5      | Became a worshipper of Qazlal Stormbringer
  4155 | D:5      | Reached * piety under Qazlal
  4155 | D:5      | Reached ** piety under Qazlal
  4172 | D:5      | Found a staircase to the Ecumenical Temple.
  4215 | D:5      | Reached skill level 7 in Dodging
  4342 | D:5      | Reached skill level 1 in Invocations
  4572 | D:6      | Found a shimmering blue altar of Sif Muna.
  4817 | D:6      | HP: 1/42 [wight/+3 great sword of freezing (3)]
  4820 | D:6      | Noticed a water moccasin
  4820 | D:6      | Slain by a wight

Illustrated notes

Levels and vault maps discovered:
D:1:      amcnicky_arrival_flooded_fountain, layout_loops_corners, serial_shops,
          nicolae_shop_stone, nicolae_shop_gibbet_a_chance,
          hangedman_abyss_or_decor_lesser_grid, hangedman_abyss_or_decor_stabs
D:2:      layout_basic
D:3:      layout_loops_ring, glass_columns_b, chequers_serial_rivers_room_b
D:4:      layout_cave_pools, mainiacjoe_overflow_chevrons, serial_shops,
          nicolae_shop_back_alley_shop
D:5:      kennysheep_spiral_hall, layout_cave_pools, overflow_temple_1_default,
          minmay_temple_entry_glass
D:6:      layout_cave_pods, mainiacjoe_overflow_catwalk_spiral

Skill      XL: |  1  2  3  4  5  6  7 |
---------------+----------------------+-----
Dodging        | 4 5 6 7 |  7.6
Short Blades   | 1 2 3 4 |  4.7
Fighting       | 4 5 |  5.4
Invocations    | 1 |  1.7
Long Blades    | |  2.4

Action                     |  1- 3 |  4- 6 |  7- 9 || total
---------------------------+-------+-------+-------++-------
  Melee: Short sword       |    73 |   100 |    52 ||   225
         Falchion          |     6 |       |       ||     6
    Use: Scroll            |     7 |     7 |     4 ||    18
   Stab: Sleeping          |     2 |     2 |     1 ||     5
 Armour: Robe              |     6 |     8 |     4 ||    18
  Dodge: Dodged            |    41 |    65 |    24 ||   130
  Block: Orb               |       |    23 |    12 ||    35

Table legend: (Time is in decaauts)
 A = Elapsed time spent in this place.
 B = Non-inter-level travel time spent in this place.
 C = Inter-level travel time spent in this place.
 D = Time resting spent in this place.
 E = Time spent auto-exploring this place.
 F = Levels seen in this place.
 G = Mean time per level.
                   A        B        C        D        E       F      G
               +--------+--------+--------+--------+--------+-----+--------+
         Total |   4785 |   4455 |    330 |    324 |   3517 |   6 |  797.5 |
       Dungeon |   4785 |   4455 |    330 |    324 |   3517 |   6 |  797.5 |
               +--------+--------+--------+--------+--------+-----+--------+

Top non-repeatable levels by time:
     D:1: 1205 daAuts
     D:3: 1039 daAuts
     D:5: 790 daAuts
     D:4: 716 daAuts
     D:2: 642 daAuts
     D:6: 390 daAuts
